 Dungeon Crawl Stone Soup version 0.29-a0-393-g47a863cc1b (webtiles) character file.

Game seed: 4980857288769932524

155 jimonade the Conjurer (level 5, -1/27 (28) HPs)
             Began as a Deep Elf Conjurer on May 9, 2022.
             Slain by Edmund
             ... wielding a +2 flail of draining
              (4 damage)
             ... on level 4 of the Dungeon.
             The game lasted 00:10:09 (3660 turns).

jimonade the Conjurer (Deep Elf Conjurer)           Turns: 3660, Time: 00:10:09

HP:   -1/27 (28)    AC:  3    Str:  6    XL:     5   Next: 14%
MP:   7/13          EV: 12    Int: 23    God:
Gold: 126           SH:  0    Dex: 13    Spells: 1/12 levels left

rFire   . . .      SeeInvis .   f - +1 rapier (venom)
rCold   . . .      Faith    .   (no shield)
rNeg    . . .      Spirit   .   a - +0 robe
rPois   .          Reflect  .   e - +0 helmet
rElec   .          Harm     .   (no cloak)
rCorr   .          Rampage  .   (no gloves)
Will    .....                   (no boots)
Stlth   ++........              (no amulet)
HPRegen 0.09/turn               (no ring)
MPRegen 0.13/turn               (no ring)

@: lightly drained
A: no striking features
a: no special abilities


You were on level 4 of the Dungeon.
You visited 1 branch of the dungeon, and saw 4 of its levels.

You collected 245 gold pieces.
You spent 119 gold pieces at shops.

Inventory:

Hand Weapons
 f - a +1 rapier of venom (weapon)
 l - a +0 hunting sling
 z - a +0 spear
 C - a +0 quarterstaff
Missiles
 h - 3 curare-tipped darts
 k - 150 stones
 q - 7 poisoned darts
Armour
 a - a +0 robe (worn)
 d - a +0 scale mail
 e - a +0 helmet (worn)
 v - an orb of mayhem
 A - a +0 ring mail
 B - a +0 leather armour
 J - a +0 chain mail
Magical Staves
 t - a staff of fire
Jewellery
 j - an amulet of guardian spirit
Scrolls
 c - a scroll of enchant weapon {unknown}
 g - a scroll of fear {unknown}
 m - 3 scrolls of noise {unknown}
 p - a scroll of blinking {unknown}
 s - 9 scrolls of identify
 x - a scroll of enchant armour {unknown}
 y - 3 scrolls of teleportation
 F - a scroll of vulnerability {unknown}
 H - a scroll of magic mapping
 I - 3 scrolls of amnesia {unknown}
Potions
 b - 2 potions of magic
 i - 2 potions of flight {unknown}
 n - 2 potions of degeneration {unknown}
 o - 3 potions of heal wounds {unknown}
 r - a potion of might {unknown}
 u - 3 potions of curing {unknown}
 w - a potion of haste {unknown}
 D - a potion of brilliance {unknown}
 E - a potion of berserk rage {unknown}
 G - 3 potions of ambrosia {unknown}


   Skills:
 + Level 0.1 Fighting
 - Level 2.4 Dodging
 - Level 2.4 Stealth
 + Level 4.2 Spellcasting
 + Level 6.4 Conjurations
 * Level 1.3 Hexes


You had one spell level left.
You knew the following spells:

 Your Spells              Type           Power      Damage    Failure   Level
a - Magic Dart            Conj           100%       1d8       1%          1
b - Searing Ray           Conj           68%        2d6       1%          2
c - Fulminant Prism       Conj/Hex       11%        3d9       21%         4
d - Iskenderun's Mystic   Conj/Tloc      19%        2d6       26%         4

Your spell library contained the following spells:

 Spells                   Type           Power      Damage    Failure   Level
 Dazzling Flash           Conj/Hex       44%        N/A       6%          3
 Borgnjor's Revivificati  Necr           2%         N/A       100%        8
 Necromutation            Tmut/Necr      2%         N/A       100%        8
 Death's Door             Necr           2%         N/A       100%        9


Dungeon Overview and Level Annotations

Branches:
Dungeon (4/15)
 Temple: D:4-7

Altars:
Hepliaklqana

Shops:
D:3 ?

Annotations:
D:4 Edmund, Menkaure


Message History

The searing ray hits the orc!
You kill the orc!
You start resting.
HP restored.
You start resting.
Magic restored.
Items here: )) [ †.
Okay, then.
J - a +0 chain mail
Found a stone staircase leading down.
Edmund the Younger comes into view.
He is wielding a +2 flail of draining.
Edmund shouts!
You hear a shout!
Casting: Searing Ray (safe; 1% risk of failure)
Confirm with . or Enter, or press ? or * to list all spells.
The spell is extremely dangerous to miscast (21% risk of failure)!
Continue anyway?
Aiming: Fulminant Prism (extremely dangerous; 21% risk of failure)
Press: ? - help, Dir - move target You conjure a prism of explosive energy!
A fulminant prism comes into view.
A goblin comes into view. It is wielding a +0 dagger.
Your fulminant prism crackles loudly.
Things that are here:
a +0 short sword; a +0 dagger; an orc corpse You hear an explosion!
The blast of energy engulfs you!
Ouch! That really hurt!
The blast of energy engulfs Edmund!
Edmund is moderately wounded.
Casting: Fulminant Prism (extremely dangerous; 21% risk of failure)
Confirm with . or Enter, or press ? or * to list all spells.
Aiming: Searing Ray (safe; 1% risk of failure)
Press: ? - help, Shift-Dir - straight line, f - Edmund
Aim: Edmund, wielding a +2 flail of draining and wearing a +0 chain mail (moderately wounded, 86% to hit)
The searing ray hits Edmund but does no damage.
Edmund is moderately wounded. (Press . to maintain the ray.) Edmund hits you with a +2 flail of draining!
* * * LOW HITPOINT WARNING * * *
You feel drained.
You die...

#......####..#
#.......>... ##..# #.#
####..## #.. ##†g..##
(.. ##..#### ### #*.##
#.. ####.## #.. #.@@.#
#..
####.###############[.
#......†.......>......
####################..
#.. #.. ###


You could see Edmund and a goblin.

Vanquished Creatures
  3 gnolls (D:2)
  4 adders
  A dart slug (D:4)
  6 orcs
  4 bats
  10 endoplasms
  3 giant cockroaches
  11 goblins
  8 hobgoblins
  2 jackals (D:2)
  5 kobolds
  2 quokkas
  7 ball pythons
  2 frilled lizards
  7 rats
75 creatures vanquished.

Vanquished Creatures (others)
  A fulminant prism (D:4)
  34 plants (D:1)
35 creatures vanquished.

Grand Total: 110 creatures vanquished

Notes
Turn   | Place    | Note
-------+----------+-------------------------------------------
     0 | D:1      | jimonade the Deep Elf Conjurer began the quest for the Orb.
     0 | D:1      | Reached XP level 1. HP: 10/10 MP: 6/6
   366 | D:1      | Reached XP level 2. HP: 14/15 MP: 6/8
   533 | D:1      | Reached skill level 5 in Conjurations
   843 | D:1      | Reached XP level 3. HP: 19/19 MP: 5/10
  1378 | D:1      | Learned a level 2 spell: Searing Ray
  1605 | D:2      | Found a hazy altar of Hepliaklqana.
  1635 | D:2      | Found a faded altar of an unknown god.
  2069 | D:2      | Reached XP level 4. HP: 24/24 MP: 9/11
  2109 | D:2      | Learned a level 4 spell: Fulminant Prism
  2266 | D:2      | Reached skill level 6 in Conjurations
  2404 | D:2      | Reached skill level 1 in Hexes
  2634 | D:3      | Found Zagud's Magic Scroll Emporium.
  3115 | D:3      | Reached XP level 5. HP: 28/28 MP: 9/13
  3152 | D:3      | Learned a level 4 spell: Iskenderun's Mystic Blast
  3509 | D:3      | Bought a scroll of identify for 28 gold pieces
  3509 | D:3      | Bought a scroll of teleportation for 42 gold pieces
  3509 | D:3      | Bought a scroll of magic mapping for 49 gold pieces
  3554 | D:4      | Noticed an orc warrior
  3562 | D:4      | Noticed Menkaure
  3650 | D:4      | Noticed Edmund
  3660 | D:4      | Slain by Edmund

Illustrated notes

Levels and vault maps discovered:
D:1:      roderic_crop_circles_arrival_small, layout_loops_ring, st_stairs_10
D:2:      layout_basic, basic_altar, chequers_ecumenical_altar_island
D:3:      minmay_razor_zed, layout_rooms, serial_shops, shop_scrolls,
          grunt_ministairs_3, grunt_decor_junction
D:4:      layout_rooms, mainiacjoe_overflow_alcove_1, minmay_temple_entry_tees,
          uniq_edmund, uniq_menkaure

Skill      XL: |  1  2  3  4 |
---------------+-------------+-----
Conjurations   | 5 6 |  6.4
Hexes          | 1 |  1.3
Spellcasting   | 4 |  4.2
Fighting       | |  0.1
Dodging        | |  2.4
Stealth        | |  2.4

Action                   |  1- 3 |  4- 6 || total
-------------------------+-------+-------++-------
Melee: Unarmed           |     6 |       ||     6
       Rapier            |       |     1 ||     1
 Cast: Magic Dart        |    66 |    37 ||   103
       Searing Ray       |     2 |     9 ||    11
       Fulminant Prism   |       |     1 ||     1
Armor: Robe              |     6 |     4 ||    10
Dodge: Dodged            |    14 |     7 ||    21

Table legend: (Time is in decaauts)
 A = Elapsed time spent in this place.
 B = Non-inter-level travel time spent in this place.
 C = Inter-level travel time spent in this place.
 D = Time resting spent in this place.
 E = Time spent auto-exploring this place.
 F = Levels seen in this place.
 G = Mean time per level.
                   A        B        C        D        E       F      G
               +--------+--------+--------+--------+--------+-----+--------+
         Total |   3664 |   3531 |    133 |    208 |   2712 |   4 |  916.0 |
       Dungeon |   3664 |   3531 |    133 |    208 |   2712 |   4 |  916.0 |
               +--------+--------+--------+--------+--------+-----+--------+

Top non-repeatable levels by time:
     D:1: 1318 daAuts
     D:2: 1253 daAuts
     D:3: 945 daAuts
     D:4: 147 daAuts
